General information
- name: BNet
- type: Ladder team game (AT/RT)
- host: Battle.net
- saver: PillShovel
map: Goldshire
- players: 4
- length: 27:54
- speed: Fast
- version: 1.23 W3XP
- replay type: Public
» download(128 KB)
Players
team 1 (loser)
dearonis (
teal | 39 APM | 1077 actions | 27:52)
3 Blademaster
1 Wind Walk
2 Critical Strike
3 Shadow Hunter
2 Healing Wave
1 Hex
» actions
| Assign group hotkey | 22 | |
| Basic commands | 102 | |
| Build / train | 72 | |
| ESC pressed | 1 | |
| Enter build submenu | 20 | |
| Enter hero's abilities submenu | 6 | |
| Give item / drop item | 4 | |
| Right click | 360 | |
| Select / deselect | 301 | |
| Select group hotkey | 80 | |
| Use ability | 109 | |
1077 total
» units
| Peon | 14 | |
| Grunt | 5 | |
| Shaman | 7 | |
| Tauren | 4 | |
| Spirit Walker | 3 | |
| Demolisher | 2 | |
35 total
» upgrades
| Shaman Training | 2 | |
| Melee Weapons | 3 | |
| Pulverize | 1 | |
| Reinforced Defenses | 1 | |
| Spirit Walker Training | 1 | |
8 total
» buildings
| Altar of Storms | 1 | |
| Orc Burrow | 6 | |
| Barracks | 1 | |
| Voodoo Lounge | 1 | |
| Stronghold | 7 | |
| War Mill | 1 | |
| Fortress | 2 | |
| Spirit Lodge | 2 | |
| Watch Tower | 1 | |
| Tauren Totem | 2 | |
| Great Hall | 2 | |
26 total
» build order
00:07 Altar of Storms
00:10 Orc Burrow
00:31 Barracks
01:32 Orc Burrow
01:53 Voodoo Lounge
02:57 Stronghold
02:58 Stronghold
03:32 Orc Burrow
04:08 War Mill
05:29 Fortress
05:41 Spirit Lodge
06:45 Watch Tower
07:55 Tauren Totem
07:58 Tauren Totem
08:26 Orc Burrow
11:39 Orc Burrow
17:04 Great Hall
20:23 Great Hall
20:50 Stronghold
20:51 Stronghold
20:51 Stronghold
24:20 Fortress
24:22 Spirit Lodge
25:41 Orc Burrow
» items
| Healing Salve | 3 | |
| Lesser Clarity Potion | 3 | |
| Orb of Lightning | 1 | |
| Scroll of Protection | 1 | |
| Potion of Healing | 2 | |
| Potion of Lesser Invulnerability | 1 | |
11 total
SeaMeSuck (
green | 58 APM | 1613 actions | 27:50)
4 Keeper of the Grove
2 Entangling Roots
2 Thorns Aura
3 Priestess of the Moon
2 Searing Arrows
1 Trueshot Aura
» actions
| Assign group hotkey | 46 | |
| Build / train | 75 | |
| ESC pressed | 2 | |
| Enter build submenu | 16 | |
| Enter hero's abilities submenu | 6 | |
| Right click | 580 | |
| Select / deselect | 439 | |
| Select group hotkey | 397 | |
| Use ability | 52 | |
1613 total
» units
| Wisp | 19 | |
| Archer | 25 | |
| Druid of the Talon | 11 | |
55 total
» upgrades
| Strength of the Moon | 3 | |
| Moon Armor | 1 | |
| Improved Bows | 1 | |
| Druid of the Talon Training | 2 | |
| Marksmanship | 1 | |
| Well Spring | 1 | |
9 total
» buildings
| Altar of Elders | 1 | |
| Moon Well | 7 | |
| Ancient of War | 2 | |
| Hunter's Hall | 1 | |
| Tree of Ages | 1 | |
| Ancient of Wind | 2 | |
| Tree of Eternity | 1 | |
| Tree of Life | 2 | |
17 total
» build order
00:19 Altar of Elders
00:34 Moon Well
00:48 Ancient of War
01:47 Moon Well
02:05 Ancient of War
02:43 Moon Well
04:48 Hunter's Hall
05:23 Tree of Ages
05:56 Moon Well
07:57 Ancient of Wind
08:00 Ancient of Wind
08:04 Tree of Eternity
11:10 Moon Well
12:55 Moon Well
18:46 Tree of Life
21:49 Moon Well
23:29 Tree of Life
team 2 (winner)
MIXTAPE_MESSIAH (
red | 92 APM | 2568 actions | 27:53)
6 Death Knight
3 Death Coil
3 Unholy Aura
4 Lich
2 Frost Nova
2 Frost Armor
» actions
| Assign group hotkey | 30 | |
| Basic commands | 349 | |
| Build / train | 88 | |
| ESC pressed | 3 | |
| Enter build submenu | 24 | |
| Enter hero's abilities submenu | 10 | |
| Give item / drop item | 2 | |
| Remove unit from queue | 1 | |
| Right click | 848 | |
| Select / deselect | 436 | |
| Select group hotkey | 549 | |
| Use ability | 227 | |
2568 total
» units
| Acolyte | 11 | |
| Ghoul | 3 | |
| Crypt Fiend | 8 | |
| Obsidian Statue | 6 | |
| Goblin Zeppelin | 1 | |
| Frost Wyrm | 1 | |
30 total
» upgrades
| Web | 1 | |
| Destroyer Form | 1 | |
| Creature Attack | 2 | |
| Creature Carapace | 2 | |
6 total
» buildings
| Graveyard | 1 | |
| Crypt | 2 | |
| Altar of Darkness | 1 | |
| Ziggurat | 6 | |
| Tomb of Relics | 1 | |
| Nerubian Tower | 3 | |
| Halls of the Dead | 5 | |
| Slaughterhouse | 1 | |
| Black Citadel | 3 | |
| Spirit Tower | 3 | |
| Necropolis | 1 | |
| Sacrificial Pit | 1 | |
| Boneyard | 2 | |
30 total
» build order
00:06 Graveyard
00:09 Crypt
00:42 Altar of Darkness
00:58 Ziggurat
01:26 Tomb of Relics
02:01 Ziggurat
02:12 Nerubian Tower
02:12 Nerubian Tower
05:03 Halls of the Dead
05:06 Ziggurat
05:15 Ziggurat
07:50 Slaughterhouse
07:52 Black Citadel
08:36 Ziggurat
08:55 Ziggurat
11:51 Spirit Tower
11:51 Spirit Tower
14:51 Necropolis
19:47 Halls of the Dead
19:47 Halls of the Dead
20:26 Crypt
22:11 Black Citadel
22:14 Sacrificial Pit
24:37 Boneyard
24:38 Boneyard
» items
| Rod of Necromancy | 4 | |
| Potion of Mana | 1 | |
| Potion of Lesser Invulnerability | 2 | |
| Boots of Speed | 1 | |
| Scroll of Protection | 2 | |
| Scroll of Healing | 2 | |
| Scroll of Town Portal | 3 | |
| Lesser Clarity Potion | 1 | |
| Scroll of Regeneration | 1 | |
| Potion of Healing | 2 | |
| Orb of Corruption | 1 | |
20 total
PillShovel (
yellow | 52 APM | 1465 actions | 27:54)
4 Blood Mage
2 Flame Strike
2 Siphon Mana
1 Paladin
1 Holy Light
1 Mountain King
1 Storm Bolt
» actions
| Assign group hotkey | 33 | |
| Basic commands | 17 | |
| Build / train | 132 | |
| Enter build submenu | 44 | |
| Enter hero's abilities submenu | 6 | |
| Give item / drop item | 3 | |
| Right click | 637 | |
| Select / deselect | 388 | |
| Select group hotkey | 100 | |
| Use ability | 105 | |
1465 total
» units
| Peasant | 22 | |
| Sorceress | 3 | |
| Mortar Team | 7 | |
| Siege Engine | 3 | |
| Knight | 4 | |
| Gryphon Rider | 2 | |
| Priest | 3 | |
44 total
» upgrades
| Masonry | 3 | |
| Gunpowder | 3 | |
| Magic Sentry | 1 | |
| Flare | 1 | |
| Sorceress Training | 2 | |
| Fragmentation Shards | 1 | |
| Armor | 3 | |
| Plating | 3 | |
| Barrage | 1 | |
| Priest Training | 2 | |
| Storm Hammers | 1 | |
| Cloud | 1 | |
| Swords | 3 | |
| Animal War Training | 1 | |
| Lumber Harvesting | 1 | |
27 total
» buildings
| Altar of Kings | 1 | |
| Farm | 14 | |
| Lumber Mill | 1 | |
| Scout Tower | 22 | |
| Arcane Tower | 2 | |
| Guard Tower | 18 | |
| Arcane Vault | 1 | |
| Keep | 1 | |
| Town Hall | 3 | |
| Blacksmith | 1 | |
| Arcane Sanctum | 1 | |
| Workshop | 2 | |
| Castle | 4 | |
| Gryphon Aviary | 2 | |
| Barracks | 1 | |
74 total
» build order
00:07 Altar of Kings
00:25 Farm
00:41 Lumber Mill
01:15 Farm
01:17 Scout Tower
01:46 Arcane Tower
02:17 Scout Tower
02:49 Guard Tower
02:49 Guard Tower
03:19 Arcane Vault
03:27 Scout Tower
03:28 Scout Tower
03:40 Scout Tower
03:41 Scout Tower
03:58 Guard Tower
04:04 Keep
04:13 Guard Tower
04:37 Guard Tower
04:39 Guard Tower
05:19 Town Hall
05:22 Scout Tower
05:23 Scout Tower
05:25 Scout Tower
05:26 Scout Tower
05:31 Scout Tower
05:32 Scout Tower
05:33 Scout Tower
05:53 Scout Tower
05:57 Blacksmith
06:02 Arcane Tower
07:26 Guard Tower
07:28 Guard Tower
07:32 Scout Tower
07:33 Scout Tower
07:34 Scout Tower
07:35 Scout Tower
07:43 Arcane Sanctum
07:46 Workshop
07:48 Workshop
08:11 Guard Tower
08:25 Guard Tower
08:58 Guard Tower
09:02 Guard Tower
09:04 Scout Tower
09:05 Scout Tower
09:08 Scout Tower
09:09 Scout Tower
09:19 Castle
09:19 Castle
09:19 Castle
09:20 Castle
09:32 Guard Tower
09:50 Guard Tower
10:33 Guard Tower
10:36 Guard Tower
10:53 Farm
10:54 Farm
10:55 Farm
10:57 Farm
11:00 Farm
11:12 Guard Tower
14:06 Farm
14:06 Farm
14:35 Farm
14:36 Farm
15:23 Town Hall
19:03 Gryphon Aviary
19:04 Gryphon Aviary
19:37 Barracks
20:35 Farm
20:36 Farm
20:39 Farm
27:37 Town Hall
» items
| Boots of Speed | 1 | |
| Staff of Teleportation | 1 | |
| Lesser Clarity Potion | 3 | |
| Scroll of Regeneration | 2 | |
| Ivory Tower | 8 | |
| Scroll of Town Portal | 2 | |
| Staff of Sanctuary | 1 | |
18 total
Chat log
(01:50 / Allies) MIXTAPE_MESSIAH: lol
(01:53 / Allies) MIXTAPE_MESSIAH: badddies
(02:30 / All) PillShovel: NO BM NO BM NO BM
(02:34 / Allies) MIXTAPE_MESSIAH: dual rax archers
(02:34 / All) PillShovel: FUCK YOU
(02:34 / Allies) MIXTAPE_MESSIAH: lol
(02:41 / All) PillShovel: STUPID LUCK HERO
(02:44 / All) PillShovel: I HATE YOU
(03:11 / All) MIXTAPE_MESSIAH: leave my ally alone
(03:14 / All) MIXTAPE_MESSIAH: or pay the fucking price nigger
(03:25 / All) dearonis: nigger ligger
(03:31 / All) MIXTAPE_MESSIAH: nice.
(03:31 / All) PillShovel: NO MANNER
(03:36 / All) PillShovel: SHUTUP I HATE YOU
(03:43 / All) MIXTAPE_MESSIAH: you can rhyme nigger with a made up word
(03:46 / All) MIXTAPE_MESSIAH: good show
(04:43 / Allies) MIXTAPE_MESSIAH: no
(04:44 / Allies) MIXTAPE_MESSIAH: lol
(04:44 / Allies) MIXTAPE_MESSIAH: go
(04:51 / Allies) MIXTAPE_MESSIAH: ;dd
(06:36 / All) dearonis: lame
(07:06 / All) MIXTAPE_MESSIAH: YOU KILLED
(07:08 / All) MIXTAPE_MESSIAH: A FCUKNIG CHICKEN
(07:10 / All) MIXTAPE_MESSIAH: FUCK YOU
(09:04 / Allies) MIXTAPE_MESSIAH: lol
(09:05 / Allies) MIXTAPE_MESSIAH: wtf goofball
(09:10 / Allies) PillShovel: ?
(09:16 / Allies) MIXTAPE_MESSIAH: just watching you
(09:17 / Allies) MIXTAPE_MESSIAH: be silly
(09:22 / Allies) MIXTAPE_MESSIAH: so fun :3
(09:24 / Allies) PillShovel: I AM NOT BE SILLY
(09:26 / All) PillShovel: I SERIOUS
(09:54 / Allies) MIXTAPE_MESSIAH: i gott afk for 15 minutes
(09:58 / Allies) MIXTAPE_MESSIAH: after this ok?
(10:01 / Allies) PillShovel: ok
(11:16 / Allies) MIXTAPE_MESSIAH: no
(11:18 / Allies) MIXTAPE_MESSIAH: fuck you
(11:21 / Allies) PillShovel: FUCK YOU
(11:28 / Allies) PillShovel: MY TOME
(11:30 / All) MIXTAPE_MESSIAH: ally is mouthing off to me
(11:38 / Allies) MIXTAPE_MESSIAH: NO
(11:47 / Allies) MIXTAPE_MESSIAH: uh oh
(12:13 / Allies) PillShovel: looks like we're in the troubles
(12:45 / Allies) MIXTAPE_MESSIAH: gold
(13:22 / Allies) MIXTAPE_MESSIAH: GOLD
(16:48 / Allies) MIXTAPE_MESSIAH: lol
(16:54 / Allies) PillShovel: FML
(17:41 / All) PillShovel: DUDE I EXPANDED ON YOUR SIDE OF THE MAP
(17:42 / All) PillShovel: LOL
(19:39 / Allies) MIXTAPE_MESSIAH: hrm
(19:40 / Allies) MIXTAPE_MESSIAH: lol
(19:41 / Allies) PillShovel: ?
(19:48 / Allies) MIXTAPE_MESSIAH: dunno
(19:51 / Allies) MIXTAPE_MESSIAH: im perplexed
(19:55 / Allies) PillShovel: why
(19:57 / Allies) PillShovel: we win
(20:00 / Allies) MIXTAPE_MESSIAH: i wanna smash that clown
(20:01 / Allies) MIXTAPE_MESSIAH: i know
(20:02 / Allies) MIXTAPE_MESSIAH: but i kinda gotta
(20:05 / Allies) MIXTAPE_MESSIAH: just like sit here
(20:06 / Allies) MIXTAPE_MESSIAH: for a bit
(20:07 / Allies) MIXTAPE_MESSIAH: hehe
(20:51 / Allies) MIXTAPE_MESSIAH: kekeke
(20:52 / Allies) MIXTAPE_MESSIAH: ;333
(21:39 / Allies) MIXTAPE_MESSIAH: they gonna sit on that
(21:40 / Allies) MIXTAPE_MESSIAH: and expo it
(21:42 / Allies) PillShovel: ok
(21:43 / Allies) MIXTAPE_MESSIAH: i cant stand mass dott
(21:45 / Allies) PillShovel: wood me
(21:51 / Allies) MIXTAPE_MESSIAH: hueauhah
(22:16 / Allies) PillShovel: i got it
(22:30 / Allies) MIXTAPE_MESSIAH: buy a tp on me?
(23:35 / Allies) MIXTAPE_MESSIAH: on it
(23:38 / All) SeaMeSuck: must be nice to see everything
(23:51 / All) PillShovel: WHAT ARE YOU IMPLY NO MANNER
(24:02 / All) MIXTAPE_MESSIAH: nice cancel
(24:11 / Allies) MIXTAPE_MESSIAH: get some morts lol
(24:12 / Allies) MIXTAPE_MESSIAH: lets rape this
(24:14 / All) SeaMeSuck: stupid ass MH is nice huh
(24:24 / All) MIXTAPE_MESSIAH: there's a zepplin watching upper left
(24:28 / All) MIXTAPE_MESSIAH: has been for 10 minutes now
(24:30 / All) MIXTAPE_MESSIAH: dont be daft
(24:52 / Allies) MIXTAPE_MESSIAH: tttt
(24:54 / Allies) MIXTAPE_MESSIAH: hrm
(26:09 / Allies) PillShovel: meet up
(27:43 / All) SeaMeSuck: good hackin noobs
(27:44 / All) MIXTAPE_MESSIAH: did you have an army this game?